Cogmind - Beta 16 @@@ ROGUE MODE // 2025.11.05 @ 05:27:51 Player: Demo Result: Destroyed by G-73 Enforcer with Heavy Laser Performance ------------- Evolutions (8) 4000 Regions Visited (12) 2400 Robots Destroyed (42) 210 Value Destroyed (1478) 1478 Prototype IDs (27) 540 Alien Tech Used (0) 0 Bonus (1383) 1383 TOTAL SCORE: 10011 Bonus ------- Pacifist 270 High Alert Combat Kills 218 Follower Combat Kills 95 Registered with UFD 300 Met Optimus in HQ 500 Cogmind --------- Core Integrity 0/1450 Matter 66/300 Energy 17/100 System Corruption 9% Temperature Cool (0) Movement Core (50) Location -2/Research Parts ------- > --- POWER (2) -------- (None) > --- PROPULSION (7) --- (None) > --- UTILITY (12) ----- Spectral Analyzer Advanced Signal Interpreter > --- WEAPON (2) ------- (None) > --- INVENTORY (5) ---- Improved Plasma Cutter Companion Sword Peak State ------------ > --- POWER ------------ Micro Antimatter Reactor Graviton Reactor > --- PROPULSION ------- Experimental Gyrokinetic Inverter Experimental Gyrokinetic Inverter Experimental Gyrokinetic Inverter Experimental Gyrokinetic Inverter Experimental Gyrokinetic Inverter Experimental Gyrokinetic Inverter Cooled Q-thruster > --- UTILITY ---------- Spectral Analyzer Long-range Sensor Array Advanced Signal Interpreter Active Sensor Suite Improved Transmission Jammer Improved Cloaking Device Graphene Brace System Shield Improved System Shield Advanced Corruption Screen > --- WEAPON ----------- Shock Maul Companion Sword > --- INVENTORY -------- Light Antimatter Reactor Precision Energy Filter Tesla Bomb Launcher Fusion Bomb Launcher Improved Plasma Cutter [Rating: 186] Favorites ----------- Power Improved Ion Engine Engine Improved Ion Engine Power Core Micro Nuclear Core Reactor Graviton Reactor Propulsion Nuclear Pulse Thruster Treads Light Treads Leg Armored Leg Wheel Compact Wheel Hover Unit Experimental Gyrokinetic Inverter Flight Unit Nuclear Pulse Thruster Utility Active Sensor Suite Device Active Sensor Suite Processor Advanced Signal Interpreter Hackware Hacking Suite Protection Improved Core Shielding Weapon Companion Sword Launcher Fusion Bomb Launcher Special Weapon CPS Tube Impact Weapon Shock Maul Slashing Weapon Companion Sword Build | -11 -10 -10 -10 -9 -9 -6 -6 -6 -5 -4 -3 -2 ------- Run | Yrd Mat Min Sub Rec Scr Fac Was Fac Fac Fac Res Res Slots Evolved 16 | . . . . . . 8 . . 2 2 2 2 Power 1 | . . . . . . 1 . . . . . . Propulsion 5 | . . . . . . 3 . . . 1 . 1 Utility 10 | . . . . . . 4 . . 2 1 2 1 Weapon . | . . . . . . . . . . . . . Parts Attached 100 | 2 . 1 . . 3 22 . 2 32 2 14 22 Power 12 | . . . . . . 2 . . 4 . 4 2 Engine 2 | . . . . . . . . . 2 . . . Core 4 | . . . . . . 2 . . 2 . . . Reactor 6 | . . . . . . . . . . . 4 2 Propulsion 33 | 2 . . . . 1 6 . 1 10 1 3 9 Treads 4 | 2 . . . . . 2 . . . . . . Leg 2 | . . . . . . 2 . . . . . . Wheel 6 | . . . . . 1 1 . . 4 . . . Hover 9 | . . . . . . . . . 1 1 . 7 Flight 12 | . . . . . . 1 . 1 5 . 3 2 Utility 44 | . . 1 . . 1 11 . 1 13 1 7 9 Device 24 | . . 1 . . 1 6 . . 6 1 4 5 Storage . | . . . . . . . . . . . . . Processor 9 | . . . . . . 3 . . 2 . 3 1 Hackware 6 | . . . . . . 2 . 1 . . . 3 Protection 5 | . . . . . . . . . 5 . . . Artifact . | . . . . . . . . . . . . . Weapon 11 | . . . . . 1 3 . . 5 . . 2 Energy Gun . | . . . . . . . . . . . . . Energy Cannon . | . . . . . . . . . . . . . Ballistic Gun . | . . . . . . . . . . . . . Ballistic Cannon . | . . . . . . . . . . . . . Launcher 4 | . . . . . . . . . 2 . . 2 Special Weapon 2 | . . . . . 1 . . . 1 . . . Impact Weapon 2 | . . . . . . 2 . . . . . . Slashing Weapon 3 | . . . . . . 1 . . 2 . . . Piercing Weapon . | . . . . . . . . . . . . . Special Melee Weapon . | . . . . . . . . . . . . . Unidentified Prototypes 13 | . . 1 . . . 4 . . 3 . 2 3 Parts Lost 42 | . . 1 1 . . 6 . 5 6 . 1 22 Power 3 | . . . . . . . . . . . . 3 Propulsion 19 | . . 1 1 . . 1 . 2 4 . 1 9 Utility 16 | . . . . . . 4 . 3 1 . . 8 Weapon 4 | . . . . . . 1 . . 1 . . 2 Highest Loss Streak 20 | . . 1 1 . . 3 . 5 4 . 1 20 To Critical Strikes . | . . . . . . . . . . . . . Average Backups 3 | . . . . . 1 3 3 3 4 5 5 4 Power . | . . . . . . . . . . . . . Propulsion . | . . . . . . . . . . . . . Utility . | . . . . . . 1 . . . 1 1 . Weapon 1 | . . . . . . . 2 2 3 3 2 2 Tool/Special . | . . . . . . . . . . . . . Unused Backups 5 | . . . . . . . 1 . 2 . 1 1 Power 1 | . . . . . . . 1 . . . . . Propulsion . | . . . . . . . . . . . . . Utility . | . . . . . . . . . . . . . Weapon 3 | . . . . . . . . . 2 . 1 . Tool/Special 1 | . . . . . . . . . . . . 1 Average Slot Usage (%) 47 | . 28 28 17 . 14 56 53 35 52 78 80 75 Engine 1 | . . . . . . . . . 7 10 . . Core 1 | . . . . . . 4 3 . . . . . Treads 5 | . 28 27 12 . . 4 3 . . . . . Wheel 4 | . . . . . 9 5 3 . 10 . . . Hover 2 | . . . . . . . . . 2 3 1 10 Flight 6 | . . . . . . 2 6 7 7 26 25 14 Device 9 | . . . 5 . 1 10 6 6 10 22 28 19 Processor 3 | . . . . . . 5 6 1 . 5 6 8 Hackware 2 | . . . . . . 6 13 17 . . . 5 Protection 1 | . . . . . . . . . 4 5 4 2 Impact Weapon 1 | . . . . . . 3 1 . 2 . 2 3 Slashing Weapon 3 | . . . . . . 5 1 1 4 5 4 3 Peak Build Rating 186 | 2 2 16 15 . 13 72 71 54 93 103 137 186 Average Rating 54 | 1 1 3 7 . 4 49 46 45 59 96 124 140 On Entrance 37 | . 2 2 2 . . 8 72 44 29 89 103 131 Avg Prop Armor Cover (%) 16 | 41 41 40 30 . 19 25 . . 5 . 3 3 Naked Turns 404 | . . . 5 289 110 . . . . . . . Heaviest Build 45 | . . 8 8 . 4 24 4 8 42 28 34 45 Greatest Support 84 | 3 3 3 3 3 12 40 6 10 58 30 44 84 Greatest Overweight (x) 2 | . . 2 2 . 1 1 . 1 2 . . 1 Average Overweight (x) . | . . . . . . . . . . . . . Largest Inventory Capacity 5 | 5 5 5 5 5 5 5 5 5 5 5 5 5 Average Capacity 5 | 5 5 5 5 5 5 5 5 5 5 5 5 5 Most Carried 5 | . . 2 2 . 5 5 5 5 5 5 5 5 Average Carried 3 | . . 1 . . 3 4 4 4 4 5 4 4 Final Capacity 5 | 5 5 5 5 5 5 5 5 5 5 5 5 5 Final Carried 5 | . . 2 . . 5 5 5 5 5 5 5 2 Class Distribution -------------------- 46% | Mutant 17% | Ninja 8% | Hacker-Gladiator 8% | Scavenger-Assassin 4% | Scout 3% | Hacker-Scout 3% | Hacker-Ninja 3% | Scavenger-Gladiator Dominant Class ---------------- Mutant | -10/Mines Mutant | -10/Subcaves Mutant | -9/Recycling Mutant | -9/Scraptown Mutant | -6/Factory Hacker-Scout | -6/Waste Hacker-Scout | -6/Factory Scavenger-Assassin | -5/Factory Ninja | -4/Factory Ninja | -3/Research Ninja | -2/Research Resources | -11 -10 -10 -10 -9 -9 -6 -6 -6 -5 -4 -3 -2 ----------- Run | Yrd Mat Min Sub Rec Scr Fac Was Fac Fac Fac Res Res Matter Collected 1505 | 190 . 70 . . 33 242 . . 326 . 116 528 Remotely . | . . . . . . . . . . . . . Salvage Created 1904 | . . . . . . 331 . . 604 . 38 931 Parts 79 | . . . . . . 14 . . 27 . . 38 Haulers Intercepted 3 | . . . . . . . . . 2 . . 1 Recyclers Shooed . | . . . . . . . . . . . . . Parts Field Recycled . | . . . . . . . . . . . . . Retrieved Matter . | . . . . . . . . . . . . . Parts Self-Destructed 2 | . . . 2 . . . . . . . . . Prevented . | . . . . . . . . . . . . . Parts Restored . | . . . . . . . . . . . . . Kills | -11 -10 -10 -10 -9 -9 -6 -6 -6 -5 -4 -3 -2 ------- Run | Yrd Mat Min Sub Rec Scr Fac Was Fac Fac Fac Res Res Combat Hostiles Destroyed 22 | . . . . . . 3 . . 5 . . 14 Melee 6 | . . . . . . 3 . . 2 . . 1 AOE 15 | . . . . . . . . . 2 . . 13 Classes Destroyed 11 | . . . . . . 7 . . 3 . . 1 Worker 5 | . . . . . . 1 . . 1 . 2 1 Builder 4 | . . . . . . 1 . . 2 . . 1 Hauler 3 | . . . . . . . . . 2 . . 1 Recycler 5 | . . . . . . 1 . . 1 . . 3 Operator 2 | . . . . . . 1 . . 1 . . . Watcher 1 | . . . . . . . . . 1 . . . Swarmer 10 | . . . . . . . . . . . . 10 Grunt 2 | . . . . . . 1 . . . . . 1 Sentry 2 | . . . . . . 1 . . 1 . . . Hunter 3 | . . . . . . . . . 1 . . 2 Programmer 5 | . . . . . . 1 . . 3 . . 1 Best Kill Streak 5 | . . . . . . 1 . . 4 . 2 5 Combat Bots Only 4 | . . . . . . 1 . . 2 . . 4 Max Kills in Single Turn 3 | . . . . . . 1 . . 2 . 1 3 Gunslinging . | . . . . . . . . . . . . . Exploded 3 | . . . . . . . . . 1 . . 3 Melee 1 | . . . . . . 1 . . 1 . . 1 Uniques/NPCs Destroyed . | . . . . . . . . . . . . . Combat | -11 -10 -10 -10 -9 -9 -6 -6 -6 -5 -4 -3 -2 -------- Run | Yrd Mat Min Sub Rec Scr Fac Was Fac Fac Fac Res Res Hostile Shots Fired 487 | . . 39 2 6 . 62 1 38 78 . 55 206 Missed 188 | . . 17 1 1 . 25 1 12 26 . 36 69 Hits 299 | . . 22 1 5 . 37 . 26 52 . 19 137 Projectile 299 | . . 22 1 5 . 37 . 26 52 . 19 137 AOE 3 | . . . . . . . . 1 2 . . . Critical Strikes 14 | . . 2 . . . 2 . . 5 . . 5 Actively Blocked 4 | . . . . . . . . . . . . 4 Part Disruptions 2 | . . . . . . . . . 1 . . 1 Damage Taken 6246 | . . 364 21 76 . 843 . 471 1096 . 246 3129 Core 2565 | . . 120 . 76 . 327 . 336 213 . 35 1458 Absorbed by Shields . | . . . . . . . . . . . . . Redirected to Shielding 36 | . . . . . . . . . 6 . 11 19 Regen/Repaired (Parts) 17 | . . . . . . . . . 17 . . . Core Remaining (%) 69 | 100 . . . . 21 . . 22 78 100 97 . Volleys Fired 23 | . . . . . . . . . 9 . . 14 Largest 1 | . . . . . . . . . 1 . . 1 Hottest 52 | . . . . . . . . . 39 . . 52 Shots Fired 23 | . . . . . . . . . 9 . . 14 Gun . | . . . . . . . . . . . . . Cannon . | . . . . . . . . . . . . . Launcher 22 | . . . . . . . . . 8 . . 14 Special 1 | . . . . . . . . . 1 . . . Kinetic . | . . . . . . . . . . . . . Thermal . | . . . . . . . . . . . . . Explosive 20 | . . . . . . . . . 8 . . 12 Electromagnetic 2 | . . . . . . . . . . . . 2 Robot Hit Streak 2 | . . . . . . . . . 2 . . 1 Robot Miss Streak 2 | . . . . . . . . . 1 . . 2 Penetration Max . | . . . . . . . . . . . . . Secondary Targets . | . . . . . . . . . . . . . Shots Hit Robots 81 | . . . . . . 21 . . 33 . 3 24 Core Hits 68 | . . . . . . 8 . 4 19 . . 37 Critical Kills . | . . . . . . . . . . . . . Critical Parts Destroyed 2 | . . . . . . . . . 1 . . 1 Critical Strikes 3 | . . . . . . . . . 2 . . 1 Smash 2 | . . . . . . . . . 1 . . 1 Sever 1 | . . . . . . . . . 1 . . . Melee Attacks 159 | . . . . . . 50 . 2 43 2 18 44 Impact 17 | . . . . . . 4 . . 1 . 7 5 Slashing 142 | . . . . . . 46 . 2 42 2 11 39 Piercing . | . . . . . . . . . . . . . Sneak Attacks 22 | . . . . . . 4 . . 11 . 2 5 Combat Hostiles . | . . . . . . . . . . . . . Follow-up Attacks 6 | . . . . . . 2 . . 2 . 1 1 Damage Inflicted 7294 | . . 5 . . . 1063 . 10 2412 . 252 3552 Guns . | . . . . . . . . . . . . . Cannons . | . . . . . . . . . . . . . Explosions 3093 | . . . . . . . . . 666 . . 2427 Melee 4169 | . . . . . . 1063 . . 1746 . 252 1108 Ramming 32 | . . 5 . . . . . 10 . . . 17 Kinetic . | . . . . . . . . . . . . . Thermal . | . . . . . . . . . . . . . Explosive 2775 | . . . . . . . . . 666 . . 2109 Electromagnetic 318 | . . . . . . . . . . . . 318 Impact 397 | . . . . . . 92 . . 58 . 193 54 Slashing 3772 | . . . . . . 971 . . 1688 . 59 1054 Piercing . | . . . . . . . . . . . . . Highest Corruption 32 | . . 2 2 2 . 19 28 32 5 . . 9 Average Corruption 9 | . . 2 2 2 . 15 22 28 1 . . 4 Corruption Purged 7 | . . . . . . . . . 7 . . . Corruption Blocked . | . . . . . . . . . . . . . Effects 49 | . . 1 1 3 . 27 4 7 5 . . 1 Message Errors 13 | . . 1 . 1 . 8 . 1 1 . . 1 Matter Fused 6 | . . . 1 1 . 1 . 2 1 . . . Heat Flow Errors 5 | . . . . . . 4 . . 1 . . . Energy Discharges 6 | . . . . . . 6 . . . . . . Parts Rejected 1 | . . . . . . . . 1 . . . . Data Loss (minor) 7 | . . . . . . 6 . . 1 . . . Data Loss (major) 4 | . . . . 1 . 1 1 . 1 . . . Misdirections 7 | . . . . . . 1 3 3 . . . . Overload Shots . | . . . . . . . . . . . . . Overflow Damage 1132 | . . . . . . 202 . . 418 . 151 361 Projectiles . | . . . . . . . . . . . . . Explosions 137 | . . . . . . . . . 24 . . 113 Melee 995 | . . . . . . 202 . . 394 . 151 248 Knockbacks 1 | . . . . . . . . . . . 1 . Impact 1 | . . . . . . . . . . . 1 . Kinetic . | . . . . . . . . . . . . . Secondary . | . . . . . . . . . . . . . Self-Inflicted Damage 73 | . . 2 . . . . . 3 . . . 68 Shots 2 | . . . . . . . . . . . . 2 Rammed 13 | . . 1 . . . . . 8 . . . 4 Targets Rammed 13 | . . 1 . . . . . 8 . . . 4 Kicked . | . . . . . . . . . . . . . Crushed . | . . . . . . . . . . . . . Highest Temperature 242 | . . 2 . . . 227 . . 242 . 8 178 Average Temperature 67 | . . 2 . . . 101 . . 47 . 6 99 Received Heat Transfer 648 | . . 168 . 27 . 135 . 138 117 . 9 54 Siege Activations . | . . . . . . . . . . . . . Martial Activations . | . . . . . . . . . . . . . Shielding Activations . | . . . . . . . . . . . . . Robots Disrupted . | . . . . . . . . . . . . . Combat Hostiles . | . . . . . . . . . . . . . Robots Corrupted 2 | . . . . . . . . . 1 . 1 . Combat Hostiles 1 | . . . . . . . . . 1 . . . Parts Fried 6 | . . . . . . . . . 3 . 2 1 Impact Corruptions 8 | . . . . . . 1 . . 1 . 5 1 Robots Melted . | . . . . . . . . . . . . . Combat Hostiles . | . . . . . . . . . . . . . Parts Melted 2 | . . . . . . 2 . . . . . . Heat Transferred . | . . . . . . . . . . . . . Parts Sabotaged . | . . . . . . . . . . . . . Parts Stolen . | . . . . . . . . . . . . . Parts Stripped . | . . . . . . . . . . . . . Power Chain Reactions . | . . . . . . . . . . . . . Alert | -11 -10 -10 -10 -9 -9 -6 -6 -6 -5 -4 -3 -2 ------- Run | Yrd Mat Min Sub Rec Scr Fac Was Fac Fac Fac Res Res Maximum Alert Level 3 | . . . . . . 1 . 1 2 1 1 3 Low Security (%) 62 | 100 100 100 . 100 . 36 100 64 70 . 94 25 Level 1 29 | . . . . . . 63 . 35 16 100 5 35 Level 2 5 | . . . . . . . . . 12 . . 21 Level 3 2 | . . . . . . . . . . . . 16 Level 4 . | . . . . . . . . . . . . . Level 5 . | . . . . . . . . . . . . . High Security . | . . . . . . . . . . . . . Max Security . | . . . . . . . . . . . . . Peak Influence 843 | . . 68 . 15 . 357 116 314 657 264 275 843 Initial 251 | . . . . . . . 116 74 153 251 129 81 Average 161 | . . 11 . 1 . 166 113 138 189 253 154 365 Influence Increases 3628 | . . 121 . 30 . 684 . 360 926 17 275 1215 Destroy 0b10 Robot/C 540 | . . 60 . . . 80 . . 120 . . 280 Destroy 0b10 Robot/NC 100 | . . . . . . 20 . . 40 . 10 30 Destroy Leader 118 | . . 20 . . . 30 . . 36 . . 32 Allied During Kill 11 | . . 11 . . . . . . . . . . Successful Hack 108 | . . . . . . 25 . 23 47 13 . . Disable Machine 45 | . . . . . . . . . 15 . 15 15 Anti-Garrison Action 600 | . . . . . . 200 . 200 200 . . . Destroy Structure 506 | . . . . . . 24 . 2 78 4 20 378 Partial Spotted 90 | . . . . . . 15 . . 15 . 30 30 Lose Combat Pursuer 510 | . . 30 . 30 . 90 . 135 75 . . 150 Active Sensor Use 1000 | . . . . . . 200 . . 300 . 200 300 Influence Decreases 2798 | . . 121 . 15 15 351 227 152 727 282 379 529 Entered New Map 869 | . . . . . 15 . 217 32 161 262 119 63 Time Decay 1249 | . . 101 . 15 . 291 10 60 356 20 150 246 Search Patrol Dispatched 100 | . . . . . . . . . . . 100 . Lost Part 380 | . . . . . . 40 . 50 60 . 10 220 Lost Ally 50 | . . 20 . . . 20 . 10 . . . . Purge Threat 150 | . . . . . . . . . 150 . . . Squads Dispatched 42 | . . . . . . 12 . 3 16 . 3 8 Investigation 27 | . . . . . . 7 . 3 11 . 2 4 Extermination 8 | . . . . . . 3 . . 2 . 1 2 Reinforcement 7 | . . . . . . 2 . . 3 . . 2 Assault . | . . . . . . . . . . . . . Garrison . | . . . . . . . . . . . . . Intercept . | . . . . . . . . . . . . . Searches Triggered 1 | . . . . . . . . . . . 1 . Construction Impeded 3 | . . . . . . 1 . . 1 . . 1 Haulers Reinforced 2 | . . . . . . . . . 1 . . 1 Active Scanning Responses 10 | . . . . . . 2 . . 3 . 2 3 Cargo Convoy Interrupts . | . . . . . . . . . . . . . Stealth | -11 -10 -10 -10 -9 -9 -6 -6 -6 -5 -4 -3 -2 --------- Run | Yrd Mat Min Sub Rec Scr Fac Was Fac Fac Fac Res Res Distress Signals 5 | . . . . . . . . 1 1 . . 3 Communications Jammed . | . . . . . . . . . . . . . Distress Signals . | . . . . . . . . . . . . . Times Spotted 132 | . . 10 2 2 . 18 5 23 24 . 11 37 Peak Tracking Total 16 | . . 4 2 1 . 4 5 16 11 . 9 14 Tactical Retreats 18 | . . 1 . 2 . 3 . 3 3 . . 6 Traps | -11 -10 -10 -10 -9 -9 -6 -6 -6 -5 -4 -3 -2 ------- Run | Yrd Mat Min Sub Rec Scr Fac Was Fac Fac Fac Res Res Traps Triggered 5 | . 2 . . . . 2 . . 1 . . . Indirectly . | . . . . . . . . . . . . . Trap Hack Attempts . | . . . . . . . . . . . . . Triggered . | . . . . . . . . . . . . . Disarmed . | . . . . . . . . . . . . . Reprogrammed 6 | . . . . . . . . 6 . . . . Reused . | . . . . . . . . . . . . . Traps Extracted . | . . . . . . . . . . . . . Installed . | . . . . . . . . . . . . . Triggered . | . . . . . . . . . . . . . Machines | -11 -10 -10 -10 -9 -9 -6 -6 -6 -5 -4 -3 -2 ---------- Run | Yrd Mat Min Sub Rec Scr Fac Was Fac Fac Fac Res Res Machines Disabled 3 | . . . . . . . . . 1 . 1 1 Max in Single Turn 1 | . . . . . . . . . 1 . 1 1 Garrison Access 4 | . . . . . . 1 . 1 1 . 1 . Machines Repaired . | . . . . . . . . . . . . . Machines Dismantled . | . . . . . . . . . . . . . Machines Sabotaged . | . . . . . . . . . . . . . Overloaded Fab Kills . | . . . . . . . . . . . . . Hacking | -11 -10 -10 -10 -9 -9 -6 -6 -6 -5 -4 -3 -2 --------- Run | Yrd Mat Min Sub Rec Scr Fac Was Fac Fac Fac Res Res Machines Accessed 42 | . . 1 . . 2 11 . 7 14 1 4 2 Terminals 18 | . . . . . . 4 . 5 6 1 1 1 Fabricators 3 | . . . . . . 2 . . . . 1 . Repair Stations 1 | . . . . . . . . . 1 . . . Recycling Units 8 | . . . . . . 2 . 1 4 . . 1 Scanalyzers 3 | . . . . . . . . . 2 . 1 . Garrison Access 6 | . . . . . . 3 . 1 1 . 1 . Total Hacks 94 | . . 1 . . 3 22 . 29 26 3 6 4 Successful 45 | . . 1 . . 3 11 . 13 12 2 3 . Failed 48 | . . . . . . 11 . 16 13 1 3 4 Catastrophic 8 | . . . . . . 3 . 2 2 . 1 . Database Lockouts 1 | . . . . . . . . . 1 . . . Manual 64 | . . . . 1 . 14 . 23 18 1 3 4 Terminals 55 | . . . . . . 11 . 26 13 3 1 1 Fabricators 5 | . . . . . . 3 . . . . 2 . Repair Stations 2 | . . . . . . . . . 2 . . . Recycling Units 13 | . . . . . . 3 . 1 6 . . 3 Scanalyzers 6 | . . . . . . . . . 4 . 2 . Garrison Access 9 | . . . . . . 5 . 2 1 . 1 . Terminal Hacks 13 | . . 1 . . 3 1 . 6 1 1 . . Record 1 | . . . . . 1 . . . . . . . Open Door 2 | . . 1 . . 1 . . . . . . . Level Access Points 2 | . . . . . . . . 1 . 1 . . Branch Access Points 1 | . . . . . . . . 1 . . . . Terminal Index 1 | . . . . . . . . 1 . . . . Recycling Unit Index 1 | . . . . . . . . 1 . . . . Alert Level 1 | . . . . . . . . 1 . . . . Unreport Threat 1 | . . . . . . . . . 1 . . . Locate Traps 1 | . . . . . . 1 . . . . . . Reprogram Traps 1 | . . . . . . . . 1 . . . . Proto ID Catalog 1 | . . . . . 1 . . . . . . . Fabricator Hacks 1 | . . . . . . 1 . . . . . . Network Status 1 | . . . . . . 1 . . . . . . Repair Station Hacks . | . . . . . . . . . . . . . Recycling Unit Hacks . | . . . . . . . . . . . . . Scanalyzer 4 | . . . . . . . . . 2 . 2 . Retrieve Study 4 | . . . . . . . . . 2 . 2 . Garrison Access Hacks 1 | . . . . . . . . . . . 1 . Seal Access 1 | . . . . . . . . . . . 1 . Unauthorized Hacks 26 | . . . . . . 9 . 7 9 1 . . Terminals 12 | . . . . . . 2 . 5 4 1 . . Assimilate 2 | . . . . . . . . 1 1 . . . Botnet 10 | . . . . . . 2 . 4 3 1 . . Fabricators 2 | . . . . . . 2 . . . . . . Fabnet 2 | . . . . . . 2 . . . . . . Repair Stations 1 | . . . . . . . . . 1 . . . Patch 1 | . . . . . . . . . 1 . . . Recycling Units 6 | . . . . . . 2 . 1 3 . . . Fedlink 6 | . . . . . . 2 . 1 3 . . . Scanalyzers . | . . . . . . . . . . . . . Garrison Access 5 | . . . . . . 3 . 1 1 . . . Broadcast 1 | . . . . . . 1 . . . . . . Reprogram 1 | . . . . . . 1 . . . . . . Jam 3 | . . . . . . 1 . 1 1 . . . Data Cores Recovered 1 | . . . . . . 1 . . . . . . Used . | . . . . . . . . . . . . . Hacking Detections 31 | . . . . 1 . 9 . 6 9 1 3 2 Full Trace Events 6 | . . . . . . 1 . 1 3 . . 1 Feedback Events . | . . . . . . . . . . . . . Feedback Blocked 1 | . . . . . . . . 1 . . . . Robot Schematics Acquired . | . . . . . . . . . . . . . Robots Built . | . . . . . . . . . . . . . Authchips . | . . . . . . . . . . . . . Time . | . . . . . . . . . . . . . Total Robot Build Rating . | . . . . . . . . . . . . . Part Schematics Acquired . | . . . . . . . . . . . . . Parts Built . | . . . . . . . . . . . . . Authchips . | . . . . . . . . . . . . . Time . | . . . . . . . . . . . . . Total Part Build Rating . | . . . . . . . . . . . . . Part Studies Acquired 4 | . . . . . . . . . 2 . 2 . Parts Repaired . | . . . . . . . . . . . . . Time . | . . . . . . . . . . . . . Parts Recycled . | . . . . . . . . . . . . . Recycled Matter . | . . . . . . . . . . . . . Retrieved Matter . | . . . . . . . . . . . . . Retrieved Components . | . . . . . . . . . . . . . Parts Scanalyzed . | . . . . . . . . . . . . . Part Schematics Acquired . | . . . . . . . . . . . . . Parts Damaged . | . . . . . . . . . . . . . Bothacking | -11 -10 -10 -10 -9 -9 -6 -6 -6 -5 -4 -3 -2 ------------ Run | Yrd Mat Min Sub Rec Scr Fac Was Fac Fac Fac Res Res Used RIF Installer . | . . . . . . . . . . . . . Robots Hacked 1 | . . . . . . . . . 1 . . . Non-combat . | . . . . . . . . . . . . . Combat 1 | . . . . . . . . . 1 . . . Robot Hacks Applied . | . . . . . . . . . . . . . Relay Couplers Released . | . . . . . . . . . . . . . Fabnet Peak Effective % 6 | . . . . . . . . . 6 2 . . Autooverrided 1 | . . . . . . . . . 1 . . . Robots Rewired . | . . . . . . . . . . . . . Allies Hacked . | . . . . . . . . . . . . . Hacks Repelled . | . . . . . . . . . . . . . Allies | -11 -10 -10 -10 -9 -9 -6 -6 -6 -5 -4 -3 -2 -------- Run | Yrd Mat Min Sub Rec Scr Fac Was Fac Fac Fac Res Res Total Allies 7 | . . 3 . . . 1 . 1 2 . . . Largest Group 3 | . . 3 . . . 1 . 1 2 . . . Highest-Rated Group 77 | . . 77 . . . 37 . 10 73 . . . Highest-Rated Ally 47 | . . 31 . . . 37 . 10 47 . . . Total Orders 2 | . . 1 1 . . . . . . . . . EXPLORE 2 | . . 1 1 . . . . . . . . . Ally Attacks 36 | . . 15 14 . . 4 . . 3 . . . Total Damage 380 | . . 189 . . . 132 . . 59 . . . Kills 5 | . . 3 . . . 1 . . 1 . . . Allies Corrupted . | . . . . . . . . . . . . . Allies Melted . | . . . . . . . . . . . . . Intel | -11 -10 -10 -10 -9 -9 -6 -6 -6 -5 -4 -3 -2 ------- Run | Yrd Mat Min Sub Rec Scr Fac Was Fac Fac Fac Res Res Active Infowar (turns) 2484 | . . . . . . 1007 5 . 592 50 314 516 Optics 588 | . . . . . . . . . . . 72 516 A.S.S. 1915 | . . . . . . 555 5 . 592 50 314 399 IFF 260 | . . . . . . 260 . . . . . . Terrain 1291 | . . . . . . 426 . . 205 50 312 298 Cloaking 14 | . . . . . . . . . . . . 14 Jamming 384 | . . . . . . . . . . . 297 87 Robot Analysis Total . | . . . . . . . . . . . . . Derelict Logs Recovered 4 | . . 3 1 . . . . . . . . . Drone Launches 16 | . . 2 14 . . . . . . . . . Drone Recoveries . | . . . . . . . . . . . . . Exploration | -11 -10 -10 -10 -9 -9 -6 -6 -6 -5 -4 -3 -2 ------------- Run | Yrd Mat Min Sub Rec Scr Fac Was Fac Fac Fac Res Res Turns Passed 4216 | 13 32 525 72 289 395 1040 26 124 807 50 314 529 Spaces Moved 5832 | 21 55 483 95 554 639 870 77 309 984 149 820 776 Core 1945 | 21 55 483 95 554 500 113 . 5 97 . . 22 Treads 57 | . . . . . . 57 . . . . . . Legs . | . . . . . . . . . . . . . Wheels 1175 | . . . . . 139 700 . . 336 . . . Hover 421 | . . . . . . . . . 65 . . 356 Flight 2234 | . . . . . . . 77 304 486 149 820 398 Fastest Speed 20 | 50 50 50 50 50 50 50 27 27 28 28 25 20 Average Speed 53 | 50 50 52 73 50 60 96 27 33 59 28 27 38 Slowest Speed 160 | 50 50 150 150 50 100 160 30 100 150 28 28 101 Overloaded Moves 70 | . . . . . . . 54 14 . . . 2 Propulsion Burnouts . | . . . . . . . . . . . . . Robots Hopped 13 | . . . . . . . 2 9 . . 2 . Potential Cave-ins 3 | . . . . . . . . . . . . 3 Cave-ins Triggered 1 | . . . . . . 1 . . . . . . Exploration Rate (%) 35 | 4 18 99 17 87 42 23 85 8 26 4 17 25 Regions Visited 12 Branch Regions 4 Pre-discovered Areas 1 | . . . . . . 1 . . . . . . Known Exits Taken 4 | . . . . . . . . 1 1 1 1 . Unknown Exits Taken 6 | 1 1 1 1 1 1 . . . . . . . Scrap Searched 2 | . . 1 . . 1 . . . . . . . Spaces Dug 95 | . . . . . . 25 . 2 10 2 10 46 Terrain Destroyed 216 | . . . . . . 25 . 2 40 2 10 137 Melee 71 | . . . . . . 25 . 2 10 2 10 22 Projectile . | . . . . . . . . . . . . . AOE 145 | . . . . . . . . . 30 . . 115 Terrain Rammed . | . . . . . . . . . . . . . Walls Destroyed . | . . . . . . . . . . . . . Machines Disabled . | . . . . . . . . . . . . . Actions | -11 -10 -10 -10 -9 -9 -6 -6 -6 -5 -4 -3 -2 --------- Run | Yrd Mat Min Sub Rec Scr Fac Was Fac Fac Fac Res Res Total 6629 | 22 57 753 97 565 648 991 83 318 1131 152 879 933 Wait 392 | . . 264 . 12 . 41 . 1 29 . 7 38 Move 5800 | 20 54 482 94 553 638 870 73 294 983 148 815 776 Hop 8 | . . . . . . . 1 5 . . 2 . Pick Up 16 | . . . . . 4 2 . . 6 . 3 1 Fast Attach 103 | 2 3 1 . . 3 21 . 3 33 2 14 21 Attach 29 | . . 2 1 . 1 2 . 2 8 . 4 9 Detach 23 | . . 3 1 . . 2 2 2 5 . 2 6 Swap 6 | . . . . . . . . . 1 . 1 4 Drop 70 | . . . 1 . 2 6 7 1 18 . 16 19 Fire 23 | . . . . . . . . . 9 . . 14 Melee 146 | . . . . . . 47 . 2 39 2 15 41 Ram 13 | . . 1 . . . . . 8 . . . 4 Kick . | . . . . . . . . . . . . . Crush . | . . . . . . . . . . . . . Escape Stasis . | . . . . . . . . . . . . . Rewire . | . . . . . . . . . . . . . Trap . | . . . . . . . . . . . . . Miscellaneous . | . . . . . . . . . . . . . Route ------- -11/Scrapyard -10/Materials -10/Mines (discovered 3 exits: [*Mat x2] / [*Sub]) -10/Subcaves -9/Recycling (discovered 2 exits: [*Fac] / *Scr) -9/Scraptown -6/Factory (discovered 2 exits: *Fac / *Ext) -6/Waste -6/Factory (discovered 8 exits: *Fac x4 / Low x2 / Ext x2) -5/Factory (discovered 2 exits: *Fac / *Upp) -4/Factory (discovered 4 exits: *Res x4) -3/Research -2/Research (discovered 2 exits: *Acc x2) History --------- Turn | Location | Event 8 | -11/Scrapyard | Discovered new exit (range 14) 14 | -11/Scrapyard | Entered Materials 39 | -10/Materials | Discovered new exit (range 16) 46 | -10/Materials | Entered Mines 60 | -10/Mines | Learned Materials emergency access door positions 66 | -10/Mines | Found a Scrap Suit stashed away for nefarious purposes 89 | -10/Mines | Found the Drone Emporium 91 | -10/Mines | Found Prototype Device 91 | -10/Mines | Identified Bomb Drone Bay 99 | -10/Mines | Learned Materials security intel 99 | -10/Mines | Discovered new exit (range 9) 170 | -10/Mines | Learned Materials garrison access intel 201 | -10/Mines | Discovered new exit (range 9) 280 | -10/Mines | Received a Mining Laser from a helpful Derelict 306 | -10/Mines | Build established: Mutant 307 | -10/Mines | Excavation squad dispatched 307 | -10/Mines | A large section of the Mines collapsed 568 | -10/Mines | Discovered new exit (range 5) 571 | -10/Mines | Entered Subcaves 581 | -10/Subcaves | Learned Materials stockpile data 618 | -10/Subcaves | Discovered new exit (range 30) 620 | -10/Subcaves | Ambushed by Subdweller buried in earth 626 | -10/Subcaves | Ambushed by Subdweller buried in earth 643 | -10/Subcaves | Entered Recycling 652 | -9/Recycling | Lost 5 allies 777 | -9/Recycling | Core integrity fell below 50% 822 | -9/Recycling | Discovered new exit (range 8) 920 | -9/Recycling | Scanned before Scraplab entrance 927 | -9/Recycling | Entered Scraplab 931 | -9/Recycling | Discovered new exit (range 2) 932 | -9/Recycling | Entered Scraptown 932 | -9/Scraptown | System corruption cleaned by C-Scrubber 944 | -9/Scraptown | Heard Great Nut preacher, LISTEN AND RECITE! 968 | -9/Scraptown | Visited UFD Registry 968 | -9/Scraptown | Registered with UFD as "Technoforce" 1060 | -9/Scraptown | Visited Scrap Suit Storage 1070 | -9/Scraptown | Found Scrap Suit 1085 | -9/Scraptown | Visited LU-1G1's Boring Crew 1099 | -9/Scraptown | Visited Infowarlord's Domain 1104 | -9/Scraptown | Found Active Sensor Suite 1123 | -9/Scraptown | Visited Curators Association 1177 | -9/Scraptown | Visited Science Guys 1212 | -9/Scraptown | Visited Sword Containment 1223 | -9/Scraptown | Found Prototype Slashing Weapon 1243 | -9/Scraptown | Visited Research Penetration Think Tank 1265 | -9/Scraptown | Discovered new exit (range 3) 1296 | -9/Scraptown | Met Optimus 1296 | -9/Scraptown | Accepted into 0bPrime 1327 | -9/Scraptown | Entered Factory 1327 | -6/Factory | Evolved 8 slots: Power x1, Propulsion x3, Utility x4 1392 | -6/Factory | Identified Companion Sword 1608 | -6/Factory | Loaded intel: 8 recycling unit locations 1701 | -6/Factory | Discovered new exit (range 4) 1745 | -6/Factory | Learned location of Protoforge (-2) 1786 | -6/Factory | Crushed by falling debris 1786 | -6/Factory | System corruption reached 10% 1799 | -6/Factory | Discovered new exit (range 12) 1813 | -6/Factory | Identified exit to Extension 1817 | -6/Factory | Lost 3 parts (3u) 2157 | -6/Factory | Build established: Hacker-Gladiator 2367 | -6/Factory | Sucked down chute 2367 | -6/Factory | Entered Waste 2375 | -6/Waste | Spotted C-40 Crusher 2377 | -6/Waste | Spotted C-40 Crusher 2380 | -6/Waste | Spotted C-40 Crusher 2381 | -6/Waste | Spotted C-40 Crusher 2382 | -6/Waste | EMP discharged 2382 | -6/Waste | Spotted C-40 Crusher 2388 | -6/Waste | Spotted C-40 Crusher 2390 | -6/Waste | Discovered new exit (range 10) 2393 | -6/Waste | Entered Factory 2458 | -6/Factory | Identified exit to Lower Caves 2486 | -6/Factory | Identified exit to Factory 2498 | -6/Factory | Loaded intel: 8 recycling unit locations 2502 | -6/Factory | Core integrity fell below 50% 2514 | -6/Factory | System corruption reached 30% 2517 | -6/Factory | Entered another Factory area 2517 | -5/Factory | Evolved 2 slots: Utility x2 2544 | -5/Factory | Lost 5 parts (2n3u) 2589 | -5/Factory | Attached CPS modules to R-10 Processor. 2802 | -5/Factory | Found Prototype Launcher 2802 | -5/Factory | Identified Tesla Bomb Launcher 2807 | -5/Factory | Found Tesla Bomb Launcher 3032 | -5/Factory | Build established: Scavenger-Assassin 3112 | -5/Factory | Lost 4 parts (4n) 3121 | -5/Factory | Central database locked down 3160 | -5/Factory | Loaded intel: 8 recycling unit locations 3164 | -5/Factory | Discovered new exit (range 15) 3169 | -5/Factory | Identified exit to Upper Caves 3322 | -5/Factory | Discovered new exit (range 8) 3324 | -5/Factory | Identified exit to Factory 3324 | -5/Factory | Entered another Factory area 3324 | -4/Factory | Evolved 2 slots: Propulsion x1, Utility x1 3340 | -4/Factory | Identified exit to Research 3374 | -4/Factory | Entered Research 3374 | -3/Research | Evolved 2 slots: Utility x2 3450 | -3/Research | Spotted B-86 Titan 3511 | -3/Research | Build established: Ninja 3569 | -3/Research | Spotted B-86 Titan 3614 | -3/Research | Found Spectral Analyzer 3624 | -3/Research | Search patrols dispatched 3658 | -3/Research | Found Fusion Bomb Launcher 3678 | -3/Research | Discovered new exit (range 14) 3688 | -3/Research | Identified exit to Research 3688 | -3/Research | Entered another Research area 3688 | -2/Research | Evolved 2 slots: Propulsion x1, Utility x1 4033 | -2/Research | Found Prototype Launcher 4033 | -2/Research | Identified Com. Tesla Bomb Launcher 4070 | -2/Research | Discovered new exit (range 7) 4073 | -2/Research | Identified exit to Access 4103 | -2/Research | Discovered exit to Access (range 22) 4173 | -2/Research | Core integrity fell below 50% 4207 | -2/Research | Core integrity fell below 20% 4217 | -2/Research | Destroyed by G-73 Enforcer with Heavy Laser Last Messages --------------- 04202_ Imp. Thunder Leg tumbles out of recycling unit. 04205_ P-80 Master resets S-43 Plague, system corruption cleaned. 04211_ NP0=EU#2LBCQMLFMVKQ2CIKK|A22CSIVHP,T 04211_ P-80 Master resets S-43 Plague, system corruption cleaned. 04212_ Prc. Energy Filter destroyed. 04212_ Destroyed Prc. Energy Filter. 04212_ S-43 Plague destroyed. 04212_ G-73 Enforcer misfires. 04213_ P-80 Master resets S-43 Plague, system corruption cleaned. 04213_ Slug penetrates Wall. 04213_ Slug penetrates G-73 Enforcer. 04214_ Dropped Com. Tesla Bomb Launcher. 04214_ Slammed into G-73 Enforcer. 04215_ Slug penetrates Wall. 04215_ Slammed into H-88 Terminator. 04216_ Penetrated by Slug. Map ----- +----------------------------------------------------+ | | | | | | | | | | | | | | | | | | | | | | | | | | | | | | | | | | | | | | | ?????????????###############?????????????????????? | | ?????????????# #?????????????????????? | | ?????????????# #?????????????????????? | | ?????????????# """ [ #?????????????????????? | | ?????????????# ""Y = #?????????????????????? | | ?????????????# ggss%#?????????????????????? | | ?????????????# [h@g##????????????????????? | | ?????????????#######+###p##]#????????????????????? | | ??????????????????# hgh####????????????????????? | | ??????????????????# m #???????????????????????? | | ?????????########## #???????????????????????? | | ?????????# #???????????????????????? | | ?????????# #???????????????????????? | | ?????????# #???????????????????????? | | ??######## +???????????????????????? | | ??# ! # """"" ##???????????????????????? | | ??# !! / """"" #????????????????????????? | | ??# != # """"" #????????????????????????? | | ??# != ] # #????????????????????????? | | ??# # #????????????????????????? | | ??#! # #????????????????????????? | | ??#####/## """"" #????????????????????????? | | ????# """"" #????????????????????????? | | ????# """"" ##???????????????????????? | | ????# #???????????????????????? | | ????# +???????????????????????? | | ???## #???????????????????????? | | ??##"## """"" #???????????????????????? | | ?## ### """"" #???????????????????????? | | ## ##?# """"" #???????????????????????? | | # ##### #???????????????????????? | +----------------------------------------------------+ Best States ------------- Heat Dissipation 49 Energy Generation 45 Energy Capacity 430 Matter Stores 300 Matter Capacity 300 Sight Range 24 Robot Scan Range 20 Terrain Scan Range 20 Terrain Scan Density 10 Jamming Range 14 Cloak Strength 3 Power Amplification 20 Additional Mass Support 12 Armor Coverage 600 Core Shielding 30 Evasion (%) 65 Melee Accuracy 6 Recoil Reduction 2 Energy Filtering 50 Offensive Hacking 20 Defensive Hacking 22 Item Schematics ----------------- None Robot Schematics ------------------ None Fabricated ------------ Nothing Repaired ---------- Nothing Studied --------- Wheel | -5/Factory | Hacked Com. Wheel | -5/Factory | Hacked Nuclear Pulse Thruster | -3/Research | Hacked Imp. Gyrokinetic Inverter | -3/Research | Hacked Alien Tech Used ----------------- None Achievements -------------- Unwanted Attention Challenges ------------ None Game ------ Seed SpliceBurstDeflector Manual? 0 Play Time 00:51:39 Cumulative 370.3 hours Start 2025.11.04 @ 15:46:05 End 2025.11.05 @ 05:27:51 Sessions 3 Manual Loads 0 Difficulty Rogue Special Mode None Game No. 332 Rogue 332 Adventurer 0 Explorer 0 Win Type - Total 3 Types 2/1/0/0/0/0/0/0/0/0 Lore% 83 Gallery% 82 Achievement% 60 Wizard Run 0 Options --------- Layout 1 ASCII 0 Keyboard 0 Movement Numpad Keybinds 0 Fullscreen 1 Font 24/Smallcaps Map View 50x35 Zoom Use 0% Tactical HUD 1 Map Filters NONE Filters NONE Steam 1 RUN: ec2cfde2-a6ab-4e12-9541-37de4c57b8b9